 Dungeon Crawl Stone Soup version 0.29.0-4-gdea44cf6ec (webtiles) character file.

Game seed: 1582145711191856480

787 RevDB the Conjurer (level 7, -2/55 HPs)
             Began as a Red Draconian Conjurer on Aug 26, 2022.
             Was a Follower of Vehumet.
             Shot with an arrow by a centaur (9 damage)
             ... on level 5 of the Dungeon.
             The game lasted 00:27:59 (2568 turns).

RevDB the Conjurer (Red Draconian Conjurer)         Turns: 2568, Time: 00:28:00

Health: -2/55      AC:  6    Str:  9    XL:     7   Next: 56%
Magic:  15/19      EV: 12    Int: 20    God:    Vehumet [*.....]
Gold:   251        SH:  0    Dex: 10    Spells: 2/10 levels left

rFire   + + .      SeeInvis .   d - +3 trident
rCold   x . .      Faith    .   (no shield)
rNeg    . . .      Spirit   .   (body armour unavailable)
rPois   .          Reflect  .   (helmet restricted)
rElec   .          Harm     .   (no cloak)
rCorr   .          Rampage  .   (no gloves)
Will    .....                   (no boots)
Stlth   ++........              (no amulet)
HPRegen 0.18/turn               b - ring of magical power
MPRegen 0.16/turn               o - ring of fire

@: about to teleport
A: breathe fire, AC +6, unfitting armour, fire resistance 1, cold-blooded
a: Breathe Fire, Renounce Religion


You were on level 5 of the Dungeon.
You worshipped Vehumet.
Vehumet was aware of your devotion.
You visited 1 branch of the dungeon, and saw 5 of its levels.

You collected 251 gold pieces.

Inventory:

Hand Weapons
 d - a +3 trident (weapon)
Jewellery
 b - a ring of magical power (left hand)
 o - a ring of fire (right hand)
Wands
 c - a wand of acid (9)
 q - a wand of iceblast (3)
Scrolls
 i - 2 scrolls of poison
 k - a scroll of magic mapping
 l - a scroll of noise
 p - a scroll of butterflies
 s - a scroll of amnesia
 w - a scroll of enchant armour {unknown}
Potions
 a - 2 potions of magic
 e - 2 potions of lignification
 g - 2 potions of curing
 h - a potion of mutation
 j - a potion of flight
 m - a potion of attraction
 n - 3 potions of might
 r - 2 potions of resistance
 t - 2 potions of degeneration
 u - a potion of brilliance {unknown}
 v - a potion of haste {unknown}
 x - a potion of heal wounds {unknown}


   Skills:
 - Level 2.1 Fighting
 - Level 1.7 Dodging
 - Level 1.7 Stealth
 - Level 2.0 Spellcasting
 - Level 5.9 Conjurations
 - Level 5.7 Translocations
 + Level 4.0 Fire Magic


You had 2 spell levels left.
You knew the following spells:

 Your Spells              Type           Power      Damage    Failure   Level
a - Magic Dart            Conj           100%       1d8       1%          1
b - Searing Ray           Conj           50%        2d6       1%          2
c - Iskenderun's Mystic   Conj/Tloc      25%        2d7       14%         4
d - Foxfire               Conj/Fire      100%       2x1d9     1%          1

Your spell library contained the following spells:

 Spells                   Type           Power      Damage    Failure   Level
 Call Imp                 Summ           2%         N/A       24%         2
 Ensorcelled Hibernation  Hex/Ice        4%         N/A       24%         2
 Gell's Gravitas          Tloc           25%        N/A       4%          3
 Teleport Other           Tloc           25%        N/A       4%          3
 Dazzling Flash           Conj/Hex       26%        N/A       14%         3
 Portal Projectile        Hex/Tloc       26%        N/A       14%         3
 Mephitic Cloud           Conj/Pois/Air  9%         N/A       22%         3
 Spider Form              Tmut/Pois      2%         N/A       43%         3
 Summon Guardian Golem    Hex/Summ       2%         N/A       43%         3
 Tukima's Dance           Hex            2%         N/A       43%         3
 Fulminant Prism          Conj/Hex       6%         3d7       43%         4
 Anguish                  Hex/Necr       1%         N/A       83%         4
 Dispersal                Tloc           12%        N/A       92%         6
 Blade Hands              Tmut           1%         N/A       99%         5
 Orb of Destruction       Conj           12%        9d7       100%        7
 Spellforged Servitor     Conj/Summ      6%         N/A       100%        7


Dungeon Overview and Level Annotations

Branches:
Dungeon (6/15)
 Temple: D:4-7

Altars:
Kikubaaqudgha
Makhleb
Sif Muna
Vehumet
Zin


Innate Abilities, Weirdness & Mutations

You can breathe blasts of fire.
Your fiery red scales are hard. (AC +6)
You cannot fit into any form of body armour.
Your flesh is heat resistant. (rF+)
You are cold-blooded and may be slowed by cold attacks.


Message History

Casting: Foxfire (safe; 2% risk of failure)
Confirm with . or Enter, or press ? or * to list all spells.
You feel a surge of power!
You conjure some foxfire!
The foxfire hits the hound!
You kill the hound!
Vehumet accepts your kill.
The foxfire hits the necrophage.
The necrophage is lightly damaged.
Your Fire Magic skill increases to level 3!
Casting: Foxfire (safe; 2% risk of failure)
Confirm with . or Enter, or press ? or * to list all spells.
You feel a surge of power!
You conjure some foxfire!
The foxfire hits the necrophage!
The necrophage is heavily damaged.
The foxfire hits the necrophage.
The necrophage is heavily damaged.
The necrophage hits you.
You feel drained.
Casting: Foxfire (safe; 2% risk of failure)
Confirm with . or Enter, or press ? or * to list all spells.
You feel a surge of power!
You conjure some foxfire!
The foxfire hits the necrophage.
The necrophage is severely damaged.
The foxfire hits the necrophage.
The necrophage is almost destroyed.
The necrophage hits you.
* * * LOW HITPOINT WARNING * * *
As you read the scroll of teleportation, it crumbles to dust.
You feel strangely unstable.
The foxfire hits the necrophage but does no damage.
The necrophage is almost destroyed.
The foxfire hits the necrophage!
You destroy the necrophage!
Vehumet accepts your kill.
The centaur wields a +0 shortbow.
The centaur shoots an arrow.
The arrow hits you!
* * * LOW HITPOINT WARNING * * *
Your life force feels restored.
Your Fire Magic skill increases to level 4!
The centaur shoots an arrow.
The arrow hits you!
You die...

#.########....#.#..
#)).......)..[#.#.#
#..#######....#.#.#
...# ########.#)#
##.# #(.........#
...# #..........# #
#..# #..........#
.. #..#
#......§...# ...
#..# #........@.#
.... #..#
########†#.......
..... #..#
#c########......
#..#
#...c....'......
#..#
##########......
#..# ..... #..#
.... #..# ... #..#
##


You could see a centaur.

Vanquished Creatures
  A water moccasin (D:5)
  A sky beast (D:5)
  A necrophage (D:5)
  5 wights (D:6)
  A jelly (D:5)
  2 hounds (D:5)
  2 iguanas
  3 gnolls (D:3)
  3 adders
  2 worms
  3 dart slugs (D:1)
  7 orcs (D:5)
  5 ball pythons
  13 bats
  An endoplasm (D:1)
  A giant cockroach (D:1)
  4 goblins (D:3)
  3 hobgoblins
  5 jackals (D:1)
  3 quokkas
  A frilled lizard (D:1)
  2 kobolds
  4 rats
73 creatures vanquished.

Vanquished Creatures (others)
  18 foxfires (D:5)
18 creatures vanquished.

Grand Total: 91 creatures vanquished

Notes
Turn   | Place    | Note
-------+----------+-------------------------------------------
     0 | D:1      | RevDB the Draconian Conjurer began the quest for the Orb.
     0 | D:1      | Reached XP level 1. HP: 14/14 MP: 3/3
   158 | D:1      | Reached skill level 1 in Fighting
   215 | D:1      | Reached XP level 2. HP: 15/24 MP: 5/5
   347 | D:1      | Learned a level 2 spell: Searing Ray
   782 | D:2      | Reached XP level 3. HP: 29/29 MP: 5/6
  1332 | D:3      | Reached skill level 5 in Conjurations
  1479 | D:3      | Found an ancient bone altar of Kikubaaqudgha.
  1480 | D:3      | Found a burning altar of Makhleb.
  1480 | D:3      | Found a glowing silver altar of Zin.
  1481 | D:3      | Found a radiant altar of Vehumet.
  1493 | D:3      | Became a worshipper of Vehumet
  1536 | D:3      | Reached XP level 4. HP: 27/36 MP: 7/7
  1673 | D:3      | Found a shimmering blue altar of Sif Muna.
  1817 | D:3      | You fall into a shaft and drop 3 floors!
  1842 | D:6      | Reached XP level 5. HP: 34/41 MP: 8/8
  1981 | D:6      | Reached skill level 1 in Translocations
  1986 | D:6      | Reached XP level 6. HP: 40/48 MP: 4/9
  1991 | D:6      | Learned a level 4 spell: Iskenderun's Mystic Blast
  2176 | D:5      | Entered Level 5 of the Dungeon
  2282 | D:5      | Noticed a water moccasin
  2285 | D:5      | Reached skill level 5 in Translocations
  2289 | D:5      | Killed a water moccasin
  2290 | D:5      | Your scales start taking on a fiery red colour.
  2290 | D:5      | Reached XP level 7. HP: 17/55 MP: 8/10
  2290 | D:5      | Gained mutation: Your flesh is heat resistant. (rF+) [Red
                  | Draconian growth]
  2438 | D:5      | Reached * piety under Vehumet
  2438 | D:5      | Offered knowledge of Foxfire by Vehumet.
  2441 | D:5      | Learned a level 1 spell: Foxfire
  2568 | D:5      | Shot with an arrow by a centaur

Illustrated notes

Levels and vault maps discovered:
D:1:      dpeg_arrival_shrine, layout_loops_ring
D:2:      layout_basic
D:3:      minmay_wonky_spiral, layout_basic, mainiacjoe_overflow_boulevard,
          grunt_temple_overflow_open
D:5:      layout_basic
D:6:      minmay_chambers_of_fours, layout_loops_ring,
          minmay_misc_feat_diagonals

Skill      XL: |  1  2  3  4  5  6  7 |
---------------+----------------------+-----
Fighting       | 1 2 |  2.1
Conjurations   | 5 |  5.9
Translocations | 3 5 |  5.7
Fire Magic     | 4 |  4.0
Dodging        | |  1.7
Stealth        | |  1.7
Spellcasting   | |  2.0

Action                   |  1- 3 |  4- 6 |  7- 9 || total
-------------------------+-------+-------+-------++-------
Melee: Unarmed           |    13 |       |       ||    13
       Short sword       |    37 |     7 |       ||    44
       Tailslap          |     5 |       |     1 ||     6
       Trident           |       |     8 |    12 ||    20
 Cast: Magic Dart        |    89 |    39 |     5 ||   133
       Searing Ray       |       |     7 |     2 ||     9
       Foxfire           |       |       |    10 ||    10
       Iskenderun's Myst |       |       |     1 ||     1
  Use: Scroll            |       |    14 |     1 ||    15
 Stab: Sleeping          |     1 |       |       ||     1
Armor: Skin              |    28 |     6 |    12 ||    46
Dodge: Dodged            |    45 |     9 |    11 ||    65
